[Event "Biel Master Tournament 2019"]
[Site "Biel"]
[Date "2019.07.31"]
[Round "9.12"]
[White "Mastrovasilis, Athanasios"]
[Black "Gukesh D"]
[Result "1-0"]
[ECO "E12"]
[WhiteElo "2518"]
[BlackElo "2520"]
[Annotator "ChessBase"]
[PlyCount "70"]
[EventDate "2019.07.20"]
[EventType "swiss"]
[EventCountry "SUI"]
[SourceTitle "playchess.com"]
[Source "ChessBase"]
[SourceQuality "1"]
[TimeControl "40/5400+30:1800+30"]

1. d4 Nf6 2. Nf3 e6 3. c4 b6 4. Nc3 Bb7 5. Bg5 h6 6. Bh4 Be7 7. Qc2 c5 8. dxc5 bxc5 9. e3 O-O 10. Be2 Nh5 11. Bxe7 Qxe7 12. g4 Nf6 13. Rg1 d5 14. cxd5 exd5 15. Qf5 Qe6 16. Nh4 g5 17. Qxe6 fxe6 18. Ng6 Rd8 19. Nb5 Nc6 20. Nc7 Kf7 21. Nxa8 Bxa8 22. Bd3 Ne4 23. f3 c4 24. Bc2 Nc5 25. f4 d4 26. exd4 Nxd4 27. O-O-O gxf4 28. Nxf4 e5 29. Ng6 Rd5 30. Nxe5+ Ke6 31. Ng6 Ne2+ 32. Kb1 Nd3 33. Rge1 Nxe1 34. Rxe1 Rd2 35. Rxe2+ Kd5 1-0

[Event "Biel Master Tournament 2019"]
[Site "Biel"]
[Date "2019.07.31"]
[Round "9.13"]
[White "Santos Latasa, Jaime"]
[Black "Aditya Mittal"]
[Result "1-0"]
[ECO "B90"]
[WhiteElo "2594"]
[BlackElo "2429"]
[Annotator "RC"]
[PlyCount "89"]
[EventDate "2019.07.20"]
[EventType "swiss"]
[EventCountry "SUI"]
[SourceTitle "playchess.com"]
[Source "ChessBase"]
[SourceQuality "1"]
[TimeControl "40/5400+30:1800+30"]

1. e4 c5 2. Nf3 d6 3. d4 cxd4 4. Nxd4 Nf6 5. Nc3 a6 6. h4 e5 7. Nb3 Be6 8. f4 exf4 9. Bxf4 Nc6 10. Qd2 d5 11. O-O-O Bb4 12. Bg5 d4 13. Nxd4 Qxd4 14. Qxd4 Nxd4 15. Rxd4 Bxc3 16. bxc3 Rc8 17. Kd2 Nd7 18. a4 Ne5 19. Bd3 Nc4+ 20. Ke2 f6 21. Bf4 O-O 22. Rb1 Rf7 23. Rb4 Na5 24. Rb6 Rc6 25. Rb1 h5 26. Rd8+ Kh7 27. e5+ f5 28. Rd6 g6 29. Rb4 Rxd6 30. exd6 Rd7 31. c4 Kg7 32. c5 Kf7 33. Kd2 Bd5 34. g3 Be6 35. Rb1 Bd5 36. Kc3 Be6 37. Rd1 Rd8 38. Bf1 Ke8 39. Bg2 Rc8 40. Kd4 Nc6+ 41. Bxc6+ Rxc6 42. Rb1 Kd8 43. Rxb7 Bd7 44. Rb8+ Rc8 45. Bg5+ 1-0

[Event "Biel Master Tournament 2019"]
[Site "Biel"]
[Date "2019.07.31"]
[Round "9.15"]
[White "Keymer, Vincent"]
[Black "Rahul Srivatshav P"]
[Result "1-0"]
[ECO "A62"]
[WhiteElo "2513"]
[BlackElo "2414"]
[Annotator "ChessBase"]
[PlyCount "79"]
[EventDate "2019.07.20"]
[EventType "swiss"]
[EventCountry "SUI"]
[SourceTitle "playchess.com"]
[Source "ChessBase"]
[SourceQuality "1"]
[TimeControl "40/5400+30:1800+30"]

1. d4 Nf6 2. c4 g6 3. g3 Bg7 4. Bg2 O-O 5. Nc3 d6 6. Nf3 c5 7. d5 e6 8. O-O exd5 9. cxd5 Re8 10. Re1 a6 11. a4 Ne4 12. Ra3 Nd7 13. Bf4 Ndf6 14. h3 Rb8 15. a5 b5 16. axb6 Qxb6 17. Nd2 Nxd2 18. Qxd2 Nh5 19. Bg5 f6 20. Be3 f5 21. Nd1 Nf6 22. Qc2 Ne4 23. Bc1 Bd4 24. e3 Bg7 25. Nc3 Nxc3 26. bxc3 Qb1 27. Qa4 Qb5 28. Qd1 Bd7 29. Bd2 a5 30. c4 Qxc4 31. Rxa5 Rb2 32. Ra7 Re7 33. Bf1 Qc2 34. Qxc2 Rxc2 35. Ba5 Ra2 36. Rb1 Bc3 37. Rxd7 Rxd7 38. Bxc3 Ra8 39. Rb6 Rad8 40. Bb5 1-0

[Event "Biel Master Tournament 2019"]
[Site "Biel"]
[Date "2019.07.31"]
[Round "9.16"]
[White "Notkevich, Benjamin Arvola"]
[Black "Tania, Sachdev"]
[Result "1-0"]
[ECO "A29"]
[WhiteElo "2497"]
[BlackElo "2401"]
[Annotator "ChessBase"]
[PlyCount "135"]
[EventDate "2019.07.20"]
[EventType "swiss"]
[EventCountry "SUI"]
[SourceTitle "playchess.com"]
[Source "ChessBase"]
[SourceQuality "1"]
[TimeControl "40/5400+30:1800+30"]

1. c4 e5 2. g3 Nf6 3. Bg2 d5 4. cxd5 Nxd5 5. Nc3 Nb6 6. Nf3 Nc6 7. O-O Be7 8. Rb1 a5 9. d3 Be6 10. Be3 O-O 11. Rc1 Nd5 12. Nxd5 Bxd5 13. Qa4 Bd6 14. a3 Ne7 15. Nd2 Bxg2 16. Kxg2 Nd5 17. Qb5 Nxe3+ 18. fxe3 Qe7 19. Ne4 f5 20. Nxd6 cxd6 21. Rc2 h6 22. Rfc1 Qg5 23. Qd5+ Kh7 24. Qxd6 Qxe3 25. Qc5 f4 26. Rf1 f3+ 27. exf3 Qxd3 28. Rc3 Qd7 29. Re3 Rfc8 30. Qxe5 Re8 31. Qc3 Rac8 32. Qe1 Rxe3 33. Qxe3 Re8 34. Qf2 Qb5 35. Qc2+ Kh8 36. Rf2 a4 37. h4 Re1 38. Qd2 Qe8 39. Qd3 Re3 40. Qd5 b5 41. Qd4 Qe6 42. h5 Qe8 43. g4 Re1 44. Rd2 Re2+ 45. Rxe2 Qxe2+ 46. Kg3 Qe1+ 47. Kf4 Qe2 48. Qc3 Qe6 49. Qe5 Qc4+ 50. Kg3 Qf1 51. Qe8+ Kh7 52. Qe3 Kh8 53. f4 Qc4 54. g5 hxg5 55. fxg5 Qd5 56. g6 Qd6+ 57. Kf2 Qd7 58. Qe5 Qd2+ 59. Kf3 Qd3+ 60. Kf4 Qf1+ 61. Ke4 Qc4+ 62. Ke3 Qc1+ 63. Kd3 Qd1+ 64. Ke4 Qg4+ 65. Kd5 Qc8 66. h6 Qc4+ 67. Kd6 Qd3+ 68. Ke7 1-0

[Event "Biel Master Tournament 2019"]
[Site "Biel"]
[Date "2019.07.31"]
[Round "9.17"]
[White "Harsha, Bharathakoti"]
[Black "Zemach, Roee"]
[Result "1/2-1/2"]
[ECO "D30"]
[WhiteElo "2319"]
[BlackElo "2243"]
[Annotator "NA"]
[PlyCount "103"]
[EventDate "2019.07.20"]
[EventType "swiss"]
[EventCountry "SUI"]
[SourceTitle "playchess.com"]
[Source "ChessBase"]
[SourceQuality "1"]
[TimeControl "40/5400+30:1800+30"]

1. c4 e6 2. d4 Nf6 3. Nf3 d5 4. Bg5 Be7 5. e3 O-O 6. Qc2 h6 7. Bxf6 Bxf6 8. h4 c5 9. g4 g6 10. dxc5 Na6 11. Nc3 Qa5 12. Rc1 dxc4 13. Bxc4 b5 14. cxb6 Bb7 15. Qe2 axb6 16. g5 Qf5 17. e4 Qf4 18. Qe3 Qxe3+ 19. fxe3 Bxc3+ 20. Rxc3 Bxe4 21. Ke2 hxg5 22. hxg5 Nb4 23. Rh4 Bxf3+ 24. Kxf3 Ra5 25. a3 Nc6 26. Ke2 Ne7 27. Rg4 Rc8 28. Rb3 Rc6 29. Bd3 Re5 30. Kf3 Kg7 31. Rb5 Rxb5 32. Bxb5 Rc5 33. a4 Kf8 34. Rg2 Rf5+ 35. Ke4 Nd5 36. Kd4 Nc7 37. Bc4 Ra5 38. b3 Ke7 39. e4 b5 40. axb5 Nxb5+ 41. Bxb5 Rxb5 42. Kc4 Re5 43. Rg4 Kd6 44. b4 Kc6 45. Kd4 Rb5 46. Kc4 Re5 47. Kd4 Rb5 48. Rg3 Kd6 49. Kc4 Re5 50. Kd4 Rb5 51. Kc4 Re5 52. Kd4 1/2-1/2